 Dungeon Crawl Stone Soup version 0.26-a0-1002-g7355149c4d (webtiles) character file.

Game seed: 18169809776685271636

11495 dolemite99 the Grappler (level 11, -8/98 HPs)
             Began as a Troll Chaos Knight on Dec 7, 2020.
             Was a Plaything of Xom.
             Mangled by an unseen horror (9 damage)
             ... on level 10 of the Dungeon.
             The game lasted 00:21:55 (13566 turns).

dolemite99 the Grappler (Troll Chaos Knight)       Turns: 13566, Time: 00:21:55

Health: -8/98      AC: 11    Str: 26 (28) XL:     11   Next: 50%
Magic:  3/3        EV: 14    Int:  7 (8)  God:    Xom [*.....]
Gold:   171        SH: 13    Dex: 11      Spells: 10/10 levels left

rFire    . . .     SeeInvis .     - Unarmed
rCold    . . .     Faith    +   T - +2 kite shield of Zoyzxy {rPois rCorr MP-9 Str+3}
rNeg     . . .     Spirit   .   a - +2 robe
rPois    +         Reflect  .   K - +1 hat
rElec    .         Harm     .   O - +0 cloak
rCorr    +         Rampage  .   (gloves unavailable)
Will     +....                  (boots unavailable)
Stlth    +.........             l - amulet of faith
HPRegen  0.66/turn              b - ring of willpower
MPRegen  0.08/turn              x - +4 ring of evasion {=R}

@: no status effects
A: large, unfitting armour, claws 3, slimy green scales 1, agile 1, deformed
body, deterioration 1, frail 1, high mp 2, poison resistance, regeneration 1,
screaming 1, shaggy fur 1, tough skin 3
a: Renounce Religion


You were on level 10 of the Dungeon.
You worshipped Xom.
You were a special plaything of Xom.
You visited 1 branch of the dungeon, and saw 10 of its levels.

You collected 637 gold pieces.
You spent 466 gold pieces at shops.

Inventory:

Hand Weapons
 o - a +0 hunting sling
 V - a +0 giant club
 X - a +2 arbalest of chaos
Missiles
 m - 9 poisoned darts
 p - 256 stones (quivered)
 q - 8 javelins
 r - 3 large rocks
 t - 98 sling bullets
 B - 41 bolts
 D - 5 datura-tipped darts
 P - 8 curare-tipped darts
 W - 10 boomerangs
Armour
 a - a +2 robe (worn)
 K - a +1 hat (worn)
 O - a +0 cloak (worn)
 T - the +2 kite shield of Zoyzxy (worn) {rPois rCorr MP-9 Str+3}
   (You bought it in a shop on level 4 of the Dungeon)

   It affects your strength (+3).
   It protects you from poison.
   It affects your magic capacity (-9).
   It provides partial protection from all sources of acid and corrosion.
Magical Staves
 u - an uncursed staff of poison {unknown}
 F - an uncursed staff of death {unknown}
 L - an uncursed staff of earth {unknown}
Jewellery
 b - a ring of willpower (left claw)
 k - an uncursed ring of protection from fire
 l - an amulet of faith (around neck)
 v - an uncursed ring of wizardry
 x - a +4 ring of evasion (right claw) {=R}
 z - an uncursed ring of resist corrosion
 U - an uncursed amulet of guardian spirit {unknown}
 Y - a +6 ring of dexterity
Wands
 n - a wand of random effects (18)
 A - a wand of iceblast (5)
 I - a wand of disintegration (8)
 M - a wand of flame (13)
Scrolls
 c - 3 scrolls of immolation
 e - 3 scrolls of blinking
 w - 8 scrolls of remove curse {@r2}
 y - 2 scrolls of fear
 G - 2 scrolls of magic mapping
 J - a scroll of amnesia
 N - a scroll of teleportation
 Q - a scroll of fog
 S - 4 scrolls of identify {@r1}
Potions
 d - 4 potions of might
 f - 5 potions of heal wounds
 g - a potion of haste
 h - 4 potions of flight
 i - 4 potions of attraction
 j - a potion of invisibility
 s - 4 potions of curing
 C - a potion of cancellation
 E - 2 potions of mutation
 H - a potion of berserk rage
 R - 2 potions of ambrosia {unknown}


   Skills:
 + Level 7.3 Fighting
 + Level 7.0 Throwing
 - Level 1.9 Dodging
 - Level 9.0 Shields
 + Level 9.4 Unarmed Combat
 - Level 3.1 Evocations


You had 10 spell levels left.
You didn't know any spells.
Your spell library was empty.

Dungeon Overview and Level Annotations

Branches:
Dungeon (10/15)            Temple (0/1) D:6            Lair (0/6) D:9
    Orc: D:9-12

Altars:
Ashenzari
Fedhas
Nemelex Xobeh
Okawaru
Qazlal
Ru
Sif Muna
Trog
Uskayaw
Wu Jian
Xom
The Shining One

Shops:
D:4 [(!

Annotations:
D:8 3 runed translucent doors, marklar909's ghost, novice TrWr
D:9 2 transporters, Anlio's ghost, novice KoEn


Innate Abilities, Weirdness & Mutations

You are too large for most types of armour.
You have claws for hands.
Your natural rate of healing is unusually fast.
You are covered in fur. (AC +1)
You have extremely tough skin. (AC +3)
You are partially covered in slimy green scales. (AC +2)
You are agile. (Dex +2)
Armour fits poorly on your strangely shaped body.
Your body sometimes deteriorates upon taking damage.
You are frail. (-10% HP)
You have a considerably increased reservoir of magic. (+20% MP)
Your system is resistant to poisons. (rPois)
You occasionally shout uncontrollably at your foes.


Message History

The yak gores you!
You are too injured to fight recklessly!
You barely miss the yak.
The yak is moderately wounded.
Something hits you but does no damage. You block the yak's attack.
The yak gores you!
* * * LOW HITPOINT WARNING * * *
The yak closely misses you. You block the yak's attack.
You mangle the yak!!
The yak is severely wounded.
You block the yak's attack. You block something's attack. The orc misses you.
The yak gores you!
* * * LOW HITPOINT WARNING * * *
Your body deteriorates!
You feel weakened. The yak completely misses you. The yak gores you.
* * * LOW HITPOINT WARNING * * *
The yak barely misses you.
You miss something. Something hits you!
You die...
Xom roars with laughter!

.....###########....(.......{....
.........<.......................
....................(..........รท.
........##'##########............
##......#...........#..........##
#......#...........'..........#
#......#...........#..........#
#......#.......oY..##'#########
#......#.......@Y.........
#......#......YYY........#
#......#.................#
##......#.................#
........#........(........#
........###'##.(..........#
.............#...####'#...#
.............#...# .#...#
.............#...# #...#


You could see 5 yaks and an orc.

Vanquished Creatures
  A two-headed ogre (D:9)
  3 death yaks (D:9)
  Joseph (D:7)
  A gargoyle (D:10)
  2 trolls (shapeshifter) (D:9)
  A wyvern (D:10)
  11 yaks
  4 vampire mosquitoes (D:10)
  3 orc warriors
  2 black bears (D:9)
  4 ice beasts
  A sky beast (D:8)
  7 ogres
  2 phantoms
  A tengu (D:7)
  5 centaurs
  3 big kobolds
  5 bullfrogs
  Dowan (D:7)
  6 scorpions
  13 killer bees
  12 wights
  5 howler monkeys
  A bullfrog zombie (D:9)
  A centaur skeleton (D:10)
  6 hounds
  3 jellies
  Crazy Yiuf (D:7)
  4 orc priests
  5 orc wizards
  A gnoll shaman (D:4)
  4 iguanas
  2 hell rats (D:9)
  12 worker ants
  A hound zombie (D:9)
  2 hound skeletons (D:4)
  11 adders
  4 gnolls
  2 river rats (D:9)
  5 white imps
  4 ufetubi
  An ooze (D:2)
  An adder zombie (D:5)
  2 adder skeletons
  7 worms
  3 dart slugs
  6 leopard geckos
  31 orcs
  2 ball pythons
  6 bats
  9 giant cockroaches
  4 goblins
  4 hobgoblins (D:1)
  14 jackals
  5 quokkas
  2 ball python skeletons
  5 frilled lizards
  26 kobolds
  A quokka zombie (D:7)
  14 rats
306 creatures vanquished.

Vanquished Creatures (collateral kills)
  2 killer bees (D:8)
  A howler monkey (D:9)
  An orc (D:9)
4 creatures vanquished.

Vanquished Creatures (others)
  A howler monkey (D:9)
  An orc (D:7)
  4 plants (D:6)
6 creatures vanquished.

Grand Total: 316 creatures vanquished

Notes
Turn   | Place    | Note
-------+----------+-------------------------------------------
     0 | D:1      | dolemite99 the Troll Chaos Knight began the quest for the
                  | Orb.
     0 | D:1      | Reached XP level 1. HP: 22/22 MP: 0/0
    96 | D:1      | XOM: divination: detect creatures
   125 | D:1      | XOM: noise
   140 | D:1      | Reached XP level 2. HP: 29/29 MP: 1/1
   346 | D:1      | XOM: 1-stop teleportation journey
   622 | D:1      | Reached XP level 3. HP: 36/36 MP: 2/2
   699 | D:1      | XOM: give mutations
   699 | D:1      | Gained mutation: Your magical capacity is low. (-10% MP)
                  | [Xom's mischief]
   699 | D:1      | Gained mutation: Your body sometimes deteriorates upon
                  | taking damage. [Xom's mischief]
   874 | D:2      | XOM: summons 2 hostile shadow creatures
   940 | D:2      | Found a shimmering blue altar of Sif Muna.
   983 | D:2      | Found an ornate altar of the Wu Jian Council.
  1479 | D:2      | XOM: give mutations
  1479 | D:2      | Gained mutation: Your body often deteriorates upon taking
                  | damage. [Xom's mischief]
  1479 | D:2      | Gained mutation: You evolve. [Xom's mischief]
  1528 | D:2      | Reached XP level 4. HP: 44/44 MP: 2/2
  1554 | D:2      | XOM: noise
  1986 | D:3      | XOM: summons 3 hostile demons
  2034 | D:3      | Found a stormy altar of Qazlal.
  2121 | D:3      | Reached skill level 5 in Unarmed Combat
  2338 | D:3      | XOM: torment (23/44 hp)
  2351 | D:3      | XOM is BORED!
  2418 | D:3      | XOM: give mutations
  2418 | D:3      | Lost mutation: Your magical capacity is low. (-10% MP)
                  | [Xom's mischief]
  2418 | D:3      | Gained mutation: You are clumsy. (Dex -2) [Xom's mischief]
  2656 | D:3      | XOM: summons 3 hostile demons
  2942 | D:4      | Reached skill level 1 in Throwing
  2942 | D:4      | Noticed an ogre
  2944 | D:4      | XOM: fake destruction
  3032 | D:4      | Found Kextashiyz's Armour Emporium.
  3032 | D:4      | XOM: repel stairs
  3037 | D:4      | Reached XP level 5. HP: 48/50 MP: 4/4
  3087 | D:3      | XOM: smoke on damage
  3115 | D:3      | XOM: summons 3 hostile demons
  3267 | D:3      | XOM: noise
  3275 | D:4      | Killed an ogre
  3276 | D:4      | Reached XP level 6. HP: 59/59 MP: 5/5
  3350 | D:4      | Found Cesazxal's Weapon Shoppe.
  3364 | D:4      | Found Ukkostru's Distillery.
  3427 | D:4      | Bought a potion of curing for 33 gold pieces
  3427 | D:4      | Bought a potion of heal wounds for 55 gold pieces
  3427 | D:4      | Bought 2 potions of might for 88 gold pieces
  3427 | D:4      | Bought a potion of attraction for 33 gold pieces
  3427 | D:4      | Bought a potion of attraction for 33 gold pieces
  3441 | D:4      | XOM: scenery: summon butterflies
  3864 | D:4      | XOM: god gift: curved jewelled staff {god gift}
  3901 | D:4      | XOM: summons 3 hostile demons
  4007 | D:4      | Found a glowing golden altar of the Shining One.
  4104 | D:4      | Reached skill level 5 in Throwing
  4132 | D:4      | XOM: noise
  4138 | D:4      | XOM: divination: magic mapping
  4140 | D:4      | XOM: silly message
  4148 | D:4      | Reached XP level 7. HP: 65/66 MP: 6/6
  4289 | D:4      | XOM: give mutations
  4289 | D:4      | Gained mutation: You have sharp toenails. [Xom's grace]
  4289 | D:4      | Gained mutation: You have an increased reservoir of magic.
                  | (+10% MP) [Xom's grace]
  4293 | D:4      | XOM: butterfly on damage
  4605 | D:5      | Entered Level 5 of the Dungeon
  4616 | D:5      | Found a hide-covered altar of Uskayaw.
  4616 | D:5      | XOM: 7-stop teleportation journey
  4655 | D:5      | Found an iron altar of Okawaru.
  4690 | D:5      | Found a broken altar of Ashenzari.
  4706 | D:5      | XOM: 2-stop teleportation journey
  4936 | D:5      | Lost mutation: You are clumsy. (Dex -2) [evolution]
  5203 | D:5      | Found a sacrificial altar of Ru.
  5275 | D:5      | Found a sparkling altar of Nemelex Xobeh.
  5302 | D:5      | Got a wizard robe
  5315 | D:5      | Identified the +3 robe "Rihilief" {+Blink WL- MP+9 SInv}
                  | (You found it on level 5 of the Dungeon)
  5503 | D:5      | XOM is BORED!
  5558 | D:6      | Found a staircase to the Ecumenical Temple.
  5570 | D:6      | XOM: noise
  5753 | D:6      | Found a blossoming altar of Fedhas.
  5786 | D:6      | Reached XP level 8. HP: 78/78 MP: 7/7
  6152 | D:6      | XOM: silly message
  6471 | D:6      | Reached skill level 5 in Fighting
  6692 | D:7      | Found a runed translucent door.
  6693 | D:7      | Noticed Crazy Yiuf
  6971 | D:7      | XOM: divination: magic mapping
  6986 | D:7      | XOM: potion effect (haste)
  7007 | D:7      | Noticed Duvessa
  7010 | D:7      | XOM: divination: magic mapping
  7011 | D:7      | Noticed Duvessa
  7011 | D:7      | Duvessa changed into Duvessa the hound
  7011 | D:7      | XOM: polymorph Duvessa -> Duvessa the hound
  7019 | D:7      | Noticed Dowan
  7025 | D:7      | Killed Duvessa the hound
  7030 | D:7      | Killed Dowan
  7131 | D:7      | XOM: confusion (+ monsters)
  7162 | D:7      | XOM: cloud trail
  7180 | D:7      | Reached XP level 9. HP: 88/93 MP: 8/8
  7182 | D:7      | XOM: polymorph killer bee -> tengu
  7503 | D:7      | XOM: god gift: knobbly jewelled staff {god gift}
  7505 | D:7      | XOM: divination: detect creatures
  7545 | D:7      | Noticed Joseph
  7554 | D:7      | XOM: summons 2 friendly demons
  7570 | D:7      | Killed Joseph
  7621 | D:7      | XOM: give mutation
  7621 | D:7      | Lost mutation: You have sharp toenails. [Xom's mischief]
  7968 | D:7      | Killed Crazy Yiuf
  8091 | D:8      | XOM: god gift: curved runed staff {god gift}
  8092 | D:8      | XOM: divination: detect items
  8287 | D:8      | XOM: noise
  8315 | D:7      | Lost mutation: Your body often deteriorates upon taking
                  | damage. [evolution]
  8516 | D:8      | Reached skill level 1 in Evocations
  8524 | D:8      | XOM: noise
  8845 | D:8      | XOM: god gift: runed battleaxe {god gift}
  8895 | D:8      | XOM: confuse monster(s)
  8908 | D:8      | XOM: smoke on damage
  8919 | D:8      | XOM: confuse monster(s)
  9052 | D:8      | XOM: scenery: create altars
  9156 | D:8      | Found a bloodstained altar of Trog.
  9201 | D:8      | Found a runed translucent gate.
  9207 | D:8      | Found a runed translucent gate.
  9208 | D:8      | Found a runed translucent gate.
  9208 | D:8      | Noticed marklar909's ghost (novice TrWr)
  9279 | D:8      | XOM: confusion
  9444 | D:8      | XOM: give mutations
  9444 | D:8      | Gained mutation: Your body often deteriorates upon taking
                  | damage. [Xom's mischief]
  9444 | D:8      | Gained mutation: Scrolls take you a little longer to read.
                  | [Xom's mischief]
  9444 | D:8      | Gained mutation: Scrolls take you longer to read. [Xom's
                  | mischief]
  9870 | D:7      | Lost mutation: Scrolls take you longer to read. [evolution]
  9975 | D:4      | Bought the +2 kite shield of Zoyzxy {rPois rCorr MP-9
                  | Str+3} for 224 gold pieces
 10288 | D:9      | XOM: repel stairs
 10292 | D:9      | XOM: summons friendly iron imp
 10295 | D:9      | Reached skill level 1 in Shields
 10295 | D:9      | Reached XP level 10. HP: 57/102 MP: 1/10
 10324 | D:8      | XOM: give mutations
 10324 | D:8      | Gained mutation: You occasionally shout uncontrollably at
                  | your foes. [Xom's mischief]
 10324 | D:8      | Lost mutation: Your body often deteriorates upon taking
                  | damage. [Xom's mischief]
 10324 | D:8      | Gained mutation: You are frail. (-10% HP) [Xom's mischief]
 10447 | D:9      | XOM: chaos upgrade
 10448 | D:8      | XOM: noise
 10449 | D:8      | XOM: blink monster(s)
 10716 | D:8      | XOM: stat loss: -1 Dex (8/9)
 10725 | D:9      | XOM: smoke on damage
 10873 | D:9      | XOM: enchant monster (bad)
 11003 | D:8      | XOM: god gift: 31 gold pieces
 11252 | D:9      | XOM: cleaving
 11355 | D:9      | Found a staircase to the Lair.
 11388 | D:9      | XOM: give mutations
 11388 | D:9      | Gained mutation: Your system is resistant to poisons.
                  | (rPois) [Xom's grace]
 11388 | D:9      | Gained mutation: You are agile. (Dex +2) [Xom's grace]
 11388 | D:9      | Gained mutation: You have a considerably increased
                  | reservoir of magic. (+20% MP) [Xom's grace]
 11388 | D:9      | Gained mutation: You are partially covered in slimy green
                  | scales. (AC +2) [Xom's grace]
 11412 | D:9      | XOM: polymorph orc warrior -> shapeshifter
 11453 | D:9      | XOM: god gift: glowing arbalest {god gift}
 11506 | D:9      | Noticed a death yak
 11506 | D:9      | Noticed a death yak
 11519 | D:9      | XOM: polymorph yak -> shapeshifter
 11526 | D:9      | Reached skill level 5 in Shields
 11527 | D:9      | Killed a death yak
 11528 | D:9      | XOM: enchant monster (bad)
 11530 | D:9      | Killed a death yak
 11532 | D:9      | Noticed a death yak
 11539 | D:9      | XOM: confusion (+ monsters)
 11608 | D:8      | XOM: summons 3 hostile shadow creatures
 11629 | D:9      | XOM: confuse monster(s)
 11643 | D:9      | XOM: summons friendly shadow imp
 11644 | D:9      | XOM: noise
 11658 | D:9      | Killed a death yak
 11659 | D:9      | Reached XP level 11. HP: 46/98 MP: 3/12
 11667 | D:9      | Noticed a two-headed ogre
 11667 | D:9      | XOM: noise
 11671 | D:9      | XOM: cast spell 'Discord'
 11683 | D:9      | XOM: blink monster(s)
 11685 | D:9      | Killed a two-headed ogre
 11748 | D:9      | XOM: silly message
 11784 | D:9      | Lost mutation: You evolve. [end of evolution]
 11846 | D:9      | XOM: scenery: create altars
 11976 | D:9      | Noticed a two-headed ogre
 11976 | D:9      | Identified the +8 scimitar of Evisceration {vorpal, Dex+3
                  | Stlth+}
 11976 | D:9      | Noticed a tengu warrior
 11976 | D:9      | Noticed Anlio's ghost (novice KoEn)
 11977 | D:9      | Found a bloodstained altar of Trog.
 11977 | D:9      | Identified the cursed +3 battleaxe "Quwn" {vorpal, rF- WL+
                  | Int+7}
 11977 | D:9      | Noticed an orc knight
 11983 | D:9      | Found a transporter.
 12021 | D:9      | Found a transporter.
 12150 | D:10     | Entered Level 10 of the Dungeon
 12201 | D:10     | XOM: chaos upgrade
 12371 | D:10     | XOM: noise
 12890 | D:10     | XOM: confusion (+ monsters)
 12892 | D:10     | XOM: 2-stop teleportation journey
 12903 | D:10     | XOM: noise
 12967 | D:10     | XOM: cleaving
 13161 | D:10     | XOM: 1-stop teleportation journey
 13181 | D:10     | XOM: 1-stop teleportation journey
 13190 | D:10     | XOM: confuse monster(s)
 13327 | D:10     | XOM: noise
 13334 | D:10     | XOM: enchant monster (bad)
 13550 | D:10     | XOM: give mutations
 13550 | D:10     | Gained mutation: Armour fits poorly on your strangely
                  | shaped body. [Xom's mischief]
 13550 | D:10     | Lost mutation: Scrolls take you a little longer to read.
                  | [Xom's mischief]
 13562 | D:10     | XOM: noise
 13565 | D:10     | HP: 1/98 [yak (4)]
 13566 | D:10     | Mangled by an unseen horror

Illustrated notes

Levels and vault maps discovered:
D:1:      sevenhm_arrival_forest_fort_large_1, layout_loops_ring, st_stairs_5,
          nrook_uturn
D:2:      cheibrodos_old_hovel, layout_loops_ring, lemuel_crystal_altar,
          nicolae_overflow_crystal_walls, serial_glass, glass_columns_b,
          glass_columns_c, grunt_decor_cap
D:3:      layout_loops_corners, nicolae_qazlal_eye_of_the_storm
D:4:      minmay_thinvault, layout_basic, serial_shops, nicolae_shop_trees,
          shop, shop, nicolae_tso_carved_into_rock
D:5:      layout_gridville, ashenzari_conservatory_becter,
          general_overflow_altar, eat_drink_and_be_merry_uskayaw,
          nemelex_xobeh_ov_fountains_minmay, lemuel_coloured_pillars_altar
D:6:      layout_basic, fedhas_ov_isle_minmay, minmay_temple_entry_junction_2,
          serial_co_window_serial, co_window_of_opportunity_a,
          co_window_cross_1, co_window_paths_b, co_window_cross_1,
          co_window_paths_a, co_window_corner_cb, co_window_of_opportunity_b,
          co_window_unsneaky_path_a, co_window_unsneaky_path_a,
          co_window_unsneaky_path_c, co_window_4corner_a, co_window_4corner_b
D:7:      wad_crossroads, layout_basic, uniq_duvessa, uniq_joseph,
          uniq_crazy_yiuf_cottage
D:8:      layout_loops_ring, nicolae_overflow_hidden_temple,
          gammafunk_ghost_necromancy
D:9:      layout_rooms, dpeg_lair_monsters, gammafunk_ghost_wrathful_warriors,
          statue_in_the_mist_lemuel
D:10:     layout_irregular_city, blue_anna_alchemist [blue_anna_fruit_fields,
          blue_anna_fruit_fields]

Skill      XL: |  1  2  3  4  5  6  7  8  9 10 11 |
---------------+----------------------------------+-----
Unarmed Combat | 4 5 9 |  9.4
Throwing       | 1 3 5 6 7 |  7.0
Fighting       | 3 7 |  7.3
Evocations     | 3 |  3.1
Shields        | 1 7 9 |  9.0
Dodging        | |  1.9

Action                   |  1- 3 |  4- 6 |  7- 9 | 10-12 || total
-------------------------+-------+-------+-------+-------++-------
Melee: Unarmed           |   115 |   187 |   333 |   254 ||   889
       Punch             |       |     1 |     6 |       ||     7
       Kick              |       |       |    36 |       ||    36
Throw: Dart              |    22 |    69 |   235 |   103 ||   429
       Large rock        |       |     3 |       |     3 ||     6
       Stone             |       |       |       |    61 ||    61
Evoke: Wand              |       |       |       |     8 ||     8
  Use: Scroll            |       |    12 |    10 |       ||    22
       Potion            |       |       |     4 |       ||     4
Armor: Robe              |    54 |   140 |   116 |    90 ||   400
Dodge: Dodged            |    57 |   158 |   211 |   134 ||   560
Block: Kite shield       |       |       |     5 |   175 ||   180

Table legend: (Time is in decaauts)
 A = Elapsed time spent in this place.
 B = Non-inter-level travel time spent in this place.
 C = Inter-level travel time spent in this place.
 D = Time resting spent in this place.
 E = Time spent auto-exploring this place.
 F = Levels seen in this place.
 G = Mean time per level.
                   A        B        C        D        E       F      G
               +--------+--------+--------+--------+--------+-----+--------+
         Total |  13337 |  12473 |    864 |   3159 |   6028 |  10 | 1333.7 |
       Dungeon |  13337 |  12473 |    864 |   3159 |   6028 |  10 | 1333.7 |
               +--------+--------+--------+--------+--------+-----+--------+

Top non-repeatable levels by time:
     D:8: 2849 daAuts
     D:3: 1575 daAuts
     D:7: 1531 daAuts
     D:4: 1426 daAuts
    D:10: 1131 daAuts
     D:9: 1128 daAuts
     D:6: 1095 daAuts
     D:5: 971 daAuts
     D:2: 884 daAuts
     D:1: 744 daAuts
